 Dungeon Crawl Stone Soup version 0.28-a0-199-g298df9dbad (webtiles) character file.

Game seed: 10663967631954461665

1683 mrzisme the Destroyer (level 8, 0/44 HPs)
             Began as a Deep Elf Hedge Wizard on Aug 20, 2021.
             Was a Follower of Sif Muna.
             Killed by divine providence
             ... invoked by an orc priest
              (16 damage)
             ... on level 7 of the Dungeon.
             The game lasted 00:37:03 (9623 turns).

mrzisme the Destroyer (Deep Elf Hedge Wizard)       Turns: 9623, Time: 00:37:13

Health: 0/44       AC:  2    Str:  7    XL:     8   Next: 71%
Magic:  5/23       EV: 12    Int: 22    God:    Sif Muna [*.....]
Gold:   258        SH:  0    Dex: 14    Spells: 12/25 levels left

rFire   + + .      SeeInvis .   d - staff of fire
rCold   . . .      Faith    .   (no shield)
rNeg    . . .      Spirit   .   b - +0 robe
rPois   .          Reflect  .   c - +0 hat
rElec   .          Harm     .   (no cloak)
rCorr   .          Rampage  .   (no gloves)
Will    .....                   (no boots)
Stlth   ++........              (no amulet)
HPRegen 0.14/turn               (no ring)
MPRegen 0.18/turn               y - ring of protection from fire

@: no status effects
A: no striking features
a: Renounce Religion, Channel Magic


You were on level 7 of the Dungeon.
You worshipped Sif Muna.
Sif Muna was aware of your devotion.
You visited 2 branches of the dungeon, and saw 8 of its levels.

You collected 258 gold pieces.

Inventory:

Hand Weapons
 a - a +0 dagger
 h - a +1 short sword
Missiles
 t - 8 boomerangs (quivered)
Armour
 b - a +0 robe (worn)
 c - a +0 hat (worn)
 r - a +0 buckler
Magical Staves
 d - a staff of fire (weapon)
Jewellery
 f - a ring of fire
 y - a ring of protection from fire (right hand)
Wands
 j - a wand of flame (9)
 q - a wand of polymorph (2)
 s - a wand of charming (6)
 x - a wand of mindburst (17)
Scrolls
 e - a scroll of immolation {unknown}
 i - 2 scrolls of amnesia
 k - a scroll of blinking {unknown}
 m - a scroll of magic mapping {unknown}
 n - 2 scrolls of brand weapon {unknown}
 p - a scroll of holy word {unknown}
 v - a scroll of enchant weapon
 D - a scroll of fear {unknown}
Potions
 g - 2 potions of cancellation
 l - 2 potions of invisibility
 o - a potion of brilliance
 u - a potion of haste
 w - 4 potions of heal wounds
 z - a potion of flight
 A - a potion of ambrosia {unknown}
 B - a potion of attraction {unknown}
 C - a potion of magic {unknown}


   Skills:
 + Level 2.3 Fighting
 - Level 2.4 Dodging
 - Level 2.4 Stealth
 + Level 9.1 Spellcasting
 * Level 9.6 Conjurations
 - Level 1.1 Summonings
 - Level 1.1 Translocations


You had 12 spell levels left.
You knew the following spells:

 Your Spells              Type           Power      Damage    Failure   Level
a - Magic Dart            Conj           100%       1d8       1%          1
b - Blink                 Tloc           N/A        N/A       6%          2
c - Conjure Flame         Conj/Fire      46%        6-21      2%          3
d - Mephitic Cloud        Conj/Pois/Air  24%        N/A       5%          3
e - Slow                  Hex            10%        N/A       10%         2
f - Searing Ray           Conj           100%       3d7       1%          2

Your spell library contained the following spells:

 Spells                   Type           Power      Damage    Failure   Level
 Call Imp                 Summ           14%        N/A       6%          2
 Fulminant Prism          Conj/Hex       15%        3d11      9%          4
 Sublimation of Blood     Necr           5%         N/A       10%         2
 Wereblood                Tmut           10%        N/A       10%         2
 Summon Hydra             Summ           7%         N/A       100%        7


Dungeon Overview and Level Annotations

Branches:
Dungeon (7/15)             Temple (1/1) D:5

Altars:
Ashenzari
Cheibriados
Dithmenos
Elyvilon
Gozag
Hepliaklqana
Kikubaaqudgha
Makhleb
Nemelex Xobeh
Okawaru
Ru
Sif Muna
Trog
Uskayaw
Vehumet
Wu Jian
Xom
Yredelemnul
Zin
The Shining One

Shops:
D:1 [

Annotations:
D:3 3 runed translucent doors, HuGe's ghost, amateur MiBe; bande's ghost, amateur GrFi; frimble's ghost, amateur MiWr
D:4 2 transporters, krigyl's ghost, amateur SpGl


Message History

The orc warrior is lightly wounded.
Casting: Magic Dart (safe; 1% risk of failure)
Confirm with . or Enter, or press ? or * to list all spells.
Aiming: Magic Dart (safe; 1% risk of failure)
Press: ? - help, Shift-Dir - straight line, f/p - orc warrior
Aim: an orc warrior, wielding a +0 broad axe, wearing a +0 plate armour and quivering boomerangs (lightly wounded, confused, 100% to hit)
The magic dart hits the orc warrior.
The orc warrior is lightly wounded.
Casting: Magic Dart (safe; 1% risk of failure)
Confirm with . or Enter, or press ? or * to list all spells.
Aiming: Magic Dart (safe; 1% risk of failure)
Press: ? - help, Shift-Dir - straight line, f/p - orc warrior
Aim: an orc warrior, wielding a +0 broad axe, wearing a +0 plate armour and quivering boomerangs (lightly wounded, confused, 100% to hit)
The magic dart hits the orc warrior but does no damage.
The orc warrior is lightly wounded.
The centaur shouts!
The centaur wields a +0 shortbow.
The centaur shoots an arrow.
The arrow hits you.
Casting: Magic Dart (safe; 1% risk of failure)
Confirm with . or Enter, or press ? or * to list all spells.
You feel a surge of power!
The fire begins to smoulder!
An orc priest comes into view. It is wielding a +0 dagger.
The orc priest shouts!
The centaur shoots an arrow.
The arrow hits you!
The centaur shoots an arrow.
The arrow hits you!
An orc comes into view. It is wielding a +0 mace.
The fire ignites!
The centaur shoots an arrow.
The arrow barely misses you.
Casting: Conjure Flame (dangerous; 2% risk of failure)
Confirm with . or Enter, or press ? or * to list all spells.
You feel a surge of power!
The fire begins to smoulder!
Casting: Conjure Flame (dangerous; 2% risk of failure)
Confirm with . or Enter, or press ? or * to list all spells.
Aiming: Mephitic Cloud (dangerous; 5% risk of failure)
Press: ? - help, Shift-Dir - straight line The ball explodes into a vile cloud!
The stinking cloud engulfs the orc priest but does no damage.
The orc priest calls down the wrath of Beogh upon you.
Beogh smites you!
You die...

.####.....# .........#.
####...#.# ##.#.## ##.###
##..# . ##### #####...####
#.. #...####...........
#o.#####.@......###...####
#ooco☼§§.....##.# ##.##
#...#####.##.##.# #.#####
#.. #.##.##.# #.<.... #.
#.##.##.#####.#### #
#.##.##...........
#.##.##.#####.####
..##.##...........
...........<.####


You could see a centaur, an orc priest and an orc.

Vanquished Creatures
  Prince Ribbit (D:5)
  Sigmund (D:6)
  A water moccasin (D:5)
  A black bear (D:7)
  A sky beast (D:5)
  3 ice beasts
  2 ogres
  2 scorpions
  A water moccasin zombie (D:5)
  A killer bee (D:6)
  A jelly (D:4)
  A bullfrog skeleton (D:5)
  A hound (D:5)
  2 orc priests (D:5)
  A centaur skeleton (D:4)
  An orc wizard (D:3)
  4 adders
  A shadow imp (D:6)
  A white imp (D:6)
  An adder zombie (D:5)
  An adder skeleton (D:4)
  2 dart slugs
  14 orcs
  14 ball pythons
  7 bats
  7 endoplasms
  5 giant cockroaches
  7 goblins
  7 hobgoblins
  4 jackals (D:3)
  5 quokkas
  7 frilled lizards
  5 kobolds
  7 rats
120 creatures vanquished.

Notes
Turn   | Place    | Note
-------+----------+-------------------------------------------
     0 | D:1      | mrzisme the Deep Elf Hedge Wizard began the quest for the
                  | Orb.
     0 | D:1      | Reached XP level 1. HP: 10/10 MP: 7/7
   196 | D:1      | Reached XP level 2. HP: 15/15 MP: 3/9
   275 | D:1      | Noticed a floating eye
   276 | D:1      | Found a faded altar of an unknown god.
   399 | D:1      | Noticed a great orb of eyes
   399 | D:1      | Noticed a golden eye
   399 | D:1      | Noticed a shining eye
   531 | D:1      | Learned a level 2 spell: Blink
   911 | D:1      | Reached XP level 3. HP: 19/19 MP: 6/11
  1060 | D:1      | Reached skill level 5 in Spellcasting
  1158 | D:1      | Found Luenn's Armour Boutique.
  2045 | D:2      | Reached XP level 4. HP: 21/24 MP: 7/13
  2608 | D:3      | Learned a level 3 spell: Conjure Flame
  2612 | D:3      | Learned a level 3 spell: Mephitic Cloud
  2732 | D:3      | Found an opulent altar of Gozag.
  3039 | D:3      | Found a runed translucent gate.
  3141 | D:3      | Found a runed translucent gate.
  3141 | D:3      | Found a runed translucent gate.
  3143 | D:3      | Noticed HuGe's ghost (amateur MiBe)
  3143 | D:3      | Noticed bande's ghost (amateur GrFi)
  3144 | D:3      | Noticed frimble's ghost (amateur MiWr)
  3276 | D:3      | Found a shimmering blue altar of Sif Muna.
  3277 | D:3      | Found a sparkling altar of Nemelex Xobeh.
  3278 | D:3      | Found a burning altar of Makhleb.
  3278 | D:3      | Found a broken altar of Ashenzari.
  3285 | D:3      | Became a worshipper of Sif Muna the Loreminder
  3478 | D:3      | Learned a level 2 spell: Slow
  4042 | D:4      | Found a sacrificial altar of Ru.
  4055 | D:4      | Reached XP level 5. HP: 13/28 MP: 1/15
  4359 | D:4      | Noticed a black bear
  4396 | D:4      | Noticed a human
  4396 | D:4      | a black bear changed into a human
  4402 | D:4      | Noticed an ogre
  4541 | D:4      | Found a transporter.
  4541 | D:4      | Found a transporter.
  4541 | D:4      | Noticed krigyl's ghost (amateur SpGl)
  4541 | D:4      | Noticed an ogre
  4595 | D:4      | Reached skill level 5 in Conjurations
  4715 | D:4      | a human changed into a scorpion
  4966 | D:4      | Found a hide-covered altar of Uskayaw.
  5437 | D:4      | Killed an ogre
  5438 | D:4      | Reached XP level 6. HP: 32/32 MP: 7/17
  5521 | D:5      | Entered Level 5 of the Dungeon
  5533 | D:5      | Noticed Prince Ribbit
  5538 | D:5      | Noticed an ice beast
  5657 | D:4      | Killed an ice beast
  6273 | D:5      | Reached XP level 7. HP: 36/36 MP: 9/19
  7116 | D:5      | Found a staircase to the Ecumenical Temple.
  7166 | Temple   | Entered the Ecumenical Temple
  7946 | D:5      | Killed Prince Ribbit
  8056 | D:5      | Reached XP level 8. HP: 42/42 MP: 7/22
  8459 | D:6      | Noticed Sigmund
  8467 | D:6      | Killed Sigmund
  8468 | D:6      | Reached skill level 1 in Fighting
  9150 | D:6      | Reached * piety under Sif Muna
  9230 | D:6      | Found an iron altar of Okawaru.
  9485 | D:6      | Learned a level 2 spell: Searing Ray
  9623 | D:7      | Killed from afar by an orc priest

Illustrated notes

Levels and vault maps discovered:
D:1:      nicolae_arrival_somewhat_less_tricky_arrival, layout_basic,
          hellmonk_ecumenical_altar_watching_god, serial_shops,
          nicolae_shop_stone, serial_park_tiny_2, minivault_26,
          due_unseen_surprise
D:2:      layout_loops_ring, minmay_between
D:3:      layout_loops_corners, mainiacjoe_overflow_catwalk,
          mainiacjoe_overflow_alcove_3, gammafunk_ghost_cemetery
D:4:      layout_rooms, kennysheep_mini_moat, kennysheep_little_box,
          gammafunk_ghost_smash
D:5:      layout_layer_cave, minmay_temple_entry_proselytizer,
          hangedman_abyss_or_decor_lesser_grid, uniq_prince_ribbit1
D:6:      layout_rooms, okawaru_ov_weapons_minmay,
          hangedman_abyss_or_decor_passed, uniq_sigmund
D:7:      layout_loops_ring, grunt_temple_overflow_forces_of_nature,
          corexii_checkpoint_b
Temple:   hc_temple_tempest_star

Skill      XL: |  1  2  3  4  5  6  7  8 |
---------------+-------------------------+-----
Conjurations   | 2 3 4 5 6 8 9 |  9.6
Spellcasting   | 5 6 7 8 9 |  9.1
Fighting       | 2 |  2.3
Dodging        | |  2.4
Stealth        | |  2.4
Summonings     | |  1.1
Translocations | |  1.1

Action                   |  1- 3 |  4- 6 |  7- 9 || total
-------------------------+-------+-------+-------++-------
Throw: Boomerang         |       |     1 |       ||     1
 Cast: Magic Dart        |   104 |   146 |   131 ||   381
       Blink             |       |    17 |     4 ||    21
       Conjure Flame     |       |     3 |    11 ||    14
       Mephitic Cloud    |       |     3 |     7 ||    10
       Slow              |       |     1 |     1 ||     2
       Searing Ray       |       |       |     1 ||     1
Evoke: Wand              |       |     6 |    10 ||    16
  Use: Scroll            |       |     1 |     6 ||     7
       Potion            |       |     2 |     1 ||     3
Armor: Robe              |     3 |     6 |     4 ||    13
Dodge: Dodged            |    12 |    30 |    23 ||    65

Table legend: (Time is in decaauts)
 A = Elapsed time spent in this place.
 B = Non-inter-level travel time spent in this place.
 C = Inter-level travel time spent in this place.
 D = Time resting spent in this place.
 E = Time spent auto-exploring this place.
 F = Levels seen in this place.
 G = Mean time per level.
                   A        B        C        D        E       F      G
               +--------+--------+--------+--------+--------+-----+--------+
         Total |   9612 |   9216 |    396 |   3023 |   5154 |   8 | 1201.5 |
       Dungeon |   9185 |   8812 |    373 |   3023 |   4751 |   7 | 1312.1 |
        Temple |    427 |    404 |     23 |      0 |    403 |   1 |  427.0 |
               +--------+--------+--------+--------+--------+-----+--------+

Top non-repeatable levels by time:
     D:5: 2138 daAuts
     D:3: 2055 daAuts
     D:1: 1491 daAuts
     D:4: 1420 daAuts
     D:2: 1003 daAuts
     D:6: 959 daAuts
  Temple: 427 daAuts
     D:7: 116 daAuts
